Map: Dusty Gorge

Players

GRoupe

  • Race: Terran Terran
  • League: Master
  • Spawn Location: 11:00

Ender

  • Race: Protoss Protoss
  • Spawn Location: 9:00

Adversity - Winner!

  • Race: Terran Terran
  • Spawn Location: 3:00

HYPER - Winner!

  • Race: Protoss Protoss
  • Spawn Location: 5:00

VOD

Have the link to the VOD?

Description

Time

  • Played on: July 14, 2018, 3:55 p.m.
  • Length: 6:40
Show
View Real Time Build Order
Export as new Build Order

GRoupe Terran 

Build Orders: Reaper Expand 

Get SALT Encoding   

  12  0:00  SCV  
  13  0:13  SCV  
  14  0:18  Supply Depot  
  14  0:25  SCV  
  15  0:40  SCV  
  15  0:41  Barracks  
  16  0:44  Refinery  
  16  0:52  SCV  
  17  1:04  SCV  
  18  1:16  SCV  
  19  1:28  Reaper, Orbital Command  
  20  1:41  Command Center  
  20  1:52  Barracks  
  20  1:56  SCV  
  21  2:05  Barracks Reactor  
  21  2:08  Refinery, SCV  
  22  2:21  Supply Depot  
  22  2:23  Factory  
  22  2:25  SCV  
  23  2:39  Barracks Tech Lab  
  23  2:43  Marine x2, SCV  
  26  2:53  Orbital Command  
  26  2:55  SCV  
  27  3:02  Marine  
  27  3:05  Marine  
  29  3:07  Marine  
  30  3:19  Marine, Starport  
  30  3:20  Factory Reactor  
  30  3:23  SCV  
  30  3:26  SCV  
  33  3:27  Marine  
  33  3:30  Marine  
  35  3:37  Marine  
  36  3:45  Marine  
  36  3:48  Marine  
  38  4:03  SCV  
  38  4:04  SCV  
  38  4:05  Medivac x2  
  38  4:06  Marine  
  46  4:11  Supply Depot  
  46  4:12  Barracks Reactor  
  46  4:16  SCV x2  
  46  4:19  Supply Depot  
  46  4:21  Supply Depot  
  46  4:22  Supply Depot  
  42  4:32  Marine x2  
  33  4:50  Marine x2  
  22  5:07  Marine x2  
  21  6:03  SCV  
  22  6:05  Marine  
  23  6:15  SCV  
  24  6:23  SCV  
  26  6:27  SCV  
Show
View Real Time Build Order
Export as new Build Order

Ender Protoss 

Build Orders: Oracle Opening, Phoenix Opening 

Get SALT Encoding   

  12  0:01  Probe  
  13  0:13  Probe  
  14  0:18  Pylon  
  14  0:25  Probe  
  15  0:33  Probe  
  15  0:39  Gateway  
  15  0:41  Probe  
  17  0:51  Assimilator, Probe  
  18  1:04  Gateway  
  18  1:06  Probe  
  19  1:17  Assimilator  
  19  1:19  Probe  
  20  1:26  Cybernetics Core  
  20  1:36  Pylon  
  20  1:39  Probe  
  21  1:51  Probe  
  21  1:53  Adept  
  22  2:02  Adept  
  22  2:03  Probe  
  22  2:04  Warp Gate  
  26  2:21  Shield Battery  
  26  2:24  Pylon  
  26  2:31  Stargate  
  26  3:00  Probe  
  26  3:03  Shield Battery  
  27  3:15  Adept x2  
  27  3:17  Oracle  
  34  3:31  Pylon  
  34  3:54  Phoenix  
  28  4:12  Phoenix  
  30  4:30  Phoenix  
  30  4:31  Probe  
  33  4:43  Probe  
  34  4:46  Adept  
  34  4:47  Adept  
  34  4:49  Phoenix  
  38  4:56  Probe  
  34  5:21  Nexus  
  34  5:23  Assimilator  
  34  5:24  Phoenix  
  36  5:28  Assimilator  
  36  5:40  Probe  
  37  5:49  Phoenix  
  38  5:52  Probe  
  39  5:59  Forge  
  39  6:04  Probe  
  40  6:09  Pylon  
  40  6:12  Pylon  
  40  6:14  Phoenix  
  40  6:15  Pylon  
  40  6:16  Probe  
  43  6:19  Stargate x2  
  43  6:28  Probe  
  43  6:30  Adept x2  
Show
View Real Time Build Order
Export as new Build Order

Adversity Terran - Winner!

Build Orders:  

Get SALT Encoding   

  12  0:01  SCV  
  13  0:13  SCV  
  14  0:18  Supply Depot  
  14  0:25  SCV  
  15  0:31  Refinery  
  15  0:40  SCV  
  16  0:46  Barracks  
  16  0:52  SCV  
  17  1:04  SCV  
  18  1:07  Barracks  
  18  1:16  SCV  
  19  1:25  Barracks  
  19  1:33  Reaper  
  20  1:42  Orbital Command  
  20  1:52  Supply Depot  
  20  1:55  Reaper  
  20  2:00  Refinery  
  21  2:07  Reaper  
  22  2:09  SCV  
  22  2:15  Reaper  
  24  2:24  Supply Depot  
  24  2:26  SCV  
  24  2:29  Reaper  
  26  2:41  Reaper  
  27  2:49  Reaper  
  27  2:52  SCV  
  28  3:07  Reaper  
  29  3:13  SCV, Command Center  
  29  3:17  Reaper  
  31  3:24  Supply Depot, Reaper  
  31  3:25  SCV  
  33  3:37  SCV  
  34  3:41  Reaper  
  34  3:49  Reaper  
  35  4:07  SCV  
  36  4:10  Command Center  
  37  4:20  Barracks x2  
  37  4:21  Barracks Reactor, Barracks Tech Lab  
  35  4:37  Marine  
  36  4:45  SCV  
  37  4:46  Orbital Command  
  36  4:57  SCV  
  37  5:01  Marine x4  
  40  5:09  Marine x2  
  39  5:19  Marine x3  
  41  5:28  Marine x3  
  41  5:30  Orbital Command  
  41  5:31  SCV x2  
  46  5:44  Marine  
  46  5:45  Marine x2  
  46  5:46  Marine x2  
  46  5:47  SCV x2  
  51  5:51  Factory  
  51  5:54  Marine  
  53  5:57  SCV  
  53  5:59  SCV  
  53  6:00  SCV  
  55  6:05  Engineering Bay  
  55  6:06  Engineering Bay  
  55  6:09  SCV  
  55  6:10  Marine  
  55  6:11  Marine x3, SCV  
  59  6:14  SCV  
  62  6:18  Supply Depot  
  62  6:19  Marine x2  
Show
View Real Time Build Order
Export as new Build Order

HYPER Protoss - Winner!

Build Orders: Phoenix Opening 

Get SALT Encoding   

  12  0:01  Probe  
  13  0:16  Pylon  
  13  0:19  Probe  
  14  0:31  Probe  
  15  0:39  Gateway  
  15  0:44  Assimilator  
  15  0:46  Probe  
  16  0:58  Assimilator, Probe  
  17  1:10  Probe  
  18  1:22  Probe  
  19  1:27  Cybernetics Core  
  19  1:30  Probe  
  19  1:38  Probe  
  20  1:42  Pylon  
  21  1:49  Probe  
  22  2:00  Warp Gate  
  22  2:06  Nexus  
  22  2:22  Stargate  
  22  2:29  Adept  
  24  2:32  Probe  
  25  2:50  Probe  
  26  2:52  Pylon  
  26  2:56  Adept  
  26  2:57  Phoenix  
  28  3:02  Probe  
  30  3:15  Phoenix  
  30  3:25  Probe x2  
  34  3:35  Phoenix  
  34  3:37  Probe x2  
  38  3:49  Probe  
  37  4:06  Phoenix  
  39  4:18  Probe x2  
  41  4:30  Probe x2  
  43  4:31  Phoenix  
  43  4:33  Assimilator  
  26  4:57  Probe  
  17  5:09  Probe  
  17  5:11  Phoenix  
  20  5:17  Probe, Forge  
  19  5:25  Probe  
  20  5:36  Probe  
  20  5:38  Pylon  
  21  5:43  Probe, Pylon  
  21  5:48  Probe  
  23  5:51  Photon Cannon  
  23  5:55  Probe  
  24  6:00  Probe  
  25  6:07  Probe  
  26  6:12  Probe  
  27  6:20  Probe  
  27  6:24  Photon Cannon, Probe  
Tags
 
Add a new tag
Caveats
  • Supply blocks, unpowered buildings, or Contaminate may cause inaccurate times.
  • Supply counts are checked every 10 seconds.